 Dungeon Crawl Stone Soup version 0.29-a0-284-gf9362112df (webtiles) character file.

Game seed: 13263944514519722450

21 ooooo the Conjurer (level 2, 0/17 HPs)
             Began as an Octopode Conjurer on Mar 15, 2022.
             Slain by a quokka (2 damage)
             ... on level 2 of the Dungeon.
             The game lasted 00:01:44 (1951 turns).

ooooo the Conjurer (Octopode Conjurer)              Turns: 1951, Time: 00:01:45

Health: 0/17       AC:  1    Str:  6    XL:     2   Next: 87%
Magic:  5/5        EV: 13    Int: 20    God:
Gold:   69         SH:  0    Dex: 10    Spells: 5/6 levels left

rFire   . . .      SeeInvis .   g - +0 dagger
rCold   . . .      Faith    .   (no shield)
rNeg    . . .      Spirit   .   (helmet restricted)
rPois   .          Reflect  .   (no amulet)
rElec   .          Harm     .   (no ring)
rCorr   .          Rampage  .   (no ring)
Will    .....                   (no ring)
Stlth   +++.......              (no ring)
HPRegen 0.05/turn               (no ring)
MPRegen 0.09/turn               (no ring)
                                (no ring)
                                (no ring)

@: no status effects
A: almost no armour, amphibious, 8 rings, camouflage 1, gelatinous body 1,
(nimble swimmer 1), tentacles
a: no special abilities


You were on level 2 of the Dungeon.
You visited 1 branch of the dungeon, and saw 2 of its levels.

You collected 69 gold pieces.

Inventory:

Hand Weapons
 g - a +0 dagger (weapon)
Scrolls
 b - 2 scrolls of enchant armour {unknown}
 d - a scroll of teleportation {unknown}
 h - a scroll of identify {unknown}
Potions
 a - a potion of magic
 c - a potion of haste {unknown}
 e - a potion of curing {unknown}
 f - a potion of heal wounds {unknown}


   Skills:
 - Level 2.0 Dodging
 - Level 2.6 Stealth
 + Level 2.6 Spellcasting
 + Level 4.4 Conjurations


You had 5 spell levels left.
You knew the following spells:

 Your Spells              Type           Power      Damage    Failure   Level
a - Magic Dart            Conj           80%        1d7       2%          1

Your spell library contained the following spells:

 Spells                   Type           Power      Damage    Failure   Level
 Searing Ray              Conj           40%        2d5       3%          2
 Animate Skeleton         Necr           4%         N/A       16%         1
 Pain                     Necr           8%         1d4       16%         1
 Dazzling Flash           Conj/Hex       22%        N/A       19%         3
 Corpse Rot               Necr/Air       4%         N/A       22%         2
 Poisonous Vapours        Pois/Air       4%         N/A       22%         2
 Vampiric Draining        Necr           2%         2d6       41%         3
 Fulminant Prism          Conj/Hex       5%         3d7       52%         4
 Iskenderun's Mystic Bla  Conj/Tloc      11%        2d4       52%         4


Dungeon Overview and Level Annotations

Branches:
Dungeon (2/15)

Altars:

Shops:
D:1 *


Innate Abilities, Weirdness & Mutations

You cannot wear most types of armour.
You are amphibious.
You can wear up to eight rings at the same time.
Your skin changes colour to match your surroundings (Stealth+).
Your rubbery body absorbs attacks. (AC +1, EV +1)
((You are camouflaged when in or above water. (Stealth+)))
You have tentacles for arms and can constrict up to eight enemies at once.


Message History

Found a plate armour.
A bat comes into view.
Found a yellow potion.
A bat is nearby!
A bat is nearby!
You see here a +0 plate armour.
The helpless bat fails to defend itself.
You hit the bat.
You kill the bat!
No target in view!
An endoplasm comes into view.
An endoplasm is nearby!
An endoplasm is nearby!
A quokka and a kobold come into view.
A hobgoblin comes into view.
You hit the endoplasm. You squeeze the endoplasm.
You kill the endoplasm!
The kobold shouts!
You hit the kobold but do no damage. You grab the kobold.
You constrict the kobold, but do no damage.
The quokka bites you. The kobold barely misses you.
You hit the quokka. You grab the quokka.
The quokka is heavily wounded.
You constrict the quokka, but do no damage.
You constrict the kobold.
A giant cockroach comes into view.
The quokka barely misses you. The kobold hits you with a +0 club.
You barely miss the quokka.
The quokka is heavily wounded.
You constrict the quokka.
You constrict the kobold, but do no damage.
The quokka bites you. The kobold hits you with a +0 club.
* * * LOW HITPOINT WARNING * * *
You are too injured to fight recklessly!
Unknown command.
You release your grip on the quokka.
You release your grip on the kobold.
The kobold attacks as you move away! The kobold misses you.
A ball python comes into view.
The quokka attacks as you move away! The quokka bites you.
You die...

#..# #...........### #
##..###.##.#####..... #.
##.......##.# #..###
#.##.##†[........>#
#.....
#..........###.##.#
##.##. #......!...#
#.##.# #.##.
##.#.##.#.####.##.# #.##.
#
#.#.............#####.##.
#......r@...##....(......
#.#....K.#####.##.######.
#.##.#g#.# #.# #.. #
#.#.#.# #.. ..S.#.# #..
.......# #.. #g###.#..
##.. .. ...B. ........
#.#.. .#####.#


You could see a quokka, a giant cockroach (wandering), a hobgoblin, a ball
python (wandering) and a kobold.

Vanquished Creatures
  A dart slug (D:1)
  2 endoplasms
  A goblin (D:1)
  A hobgoblin (D:1)
  A kobold (D:1)
  3 ball pythons (D:1)
  5 bats
  A frilled lizard (D:2)
  4 rats (D:1)
19 creatures vanquished.

Notes
Turn   | Place    | Note
-------+----------+-------------------------------------------
     0 | D:1      | ooooo the Octopode Conjurer began the quest for the Orb.
     0 | D:1      | Reached XP level 1. HP: 11/11 MP: 3/3
   400 | D:1      | Reached XP level 2. HP: 13/17 MP: 0/5
  1460 | D:1      | Found Tufiunyu's Assorted Antiques.
  1951 | D:2      | Slain by a quokka

Illustrated notes

Levels and vault maps discovered:
D:1:      lightli_iron_boxes, layout_basic, serial_shops, shop
D:2:      layout_loops_ring, basic_altar, serial_aquarium,
          aquarium_bridge_island_small [aquarium_subvault_small_open,
          aquarium_subvault_wall, aquarium_subvault_balcony,
          aquarium_subvault_window, aquarium_subvault_bridge],
          aquarium_window_1, aquarium_window_fake, aquarium_window_corridor_3,
          aquarium_view_2b, aquarium_balcony_1b, minmay_surrounded, uniq_robin

Action                   || total
-------------------------++-------
Melee: Unarmed           ||    27
       Constrict         ||    12
       Tentacles         ||     4
       Punch             ||     3
       Dagger            ||     6
 Cast: Magic Dart        ||    20
 Stab: Sleeping          ||     2
Armor: Skin              ||     6
Dodge: Dodged            ||    40

Table legend: (Time is in decaauts)
 A = Elapsed time spent in this place.
 B = Non-inter-level travel time spent in this place.
 C = Inter-level travel time spent in this place.
 D = Time resting spent in this place.
 E = Time spent auto-exploring this place.
 F = Levels seen in this place.
 G = Mean time per level.
                   A        B        C        D        E       F      G
               +--------+--------+--------+--------+--------+-----+--------+
         Total |   1950 |   1893 |     57 |    248 |   1432 |   2 |  975.0 |
       Dungeon |   1950 |   1893 |     57 |    248 |   1432 |   2 |  975.0 |
               +--------+--------+--------+--------+--------+-----+--------+

Top non-repeatable levels by time:
     D:1: 1820 daAuts
     D:2: 129 daAuts
